Map: Hecate LE

Players

Pain

  • Race: Protoss Protoss
  • League: Diamond
  • Spawn Location: 1:00

demzi - Winner!

  • Race: Zerg Zerg
  • Spawn Location: 7:00

VOD

Have the link to the VOD?

Description

Time

  • Played on: March 24, 2024, 7:34 a.m.
  • Length: 8:11
Show
View Real Time Build Order
Export as new Build Order

Pain Protoss 

Build Orders:  

Get SALT Encoding   

  12  0:00  Probe  
  13  0:12  Probe  
  14  0:20  Pylon  
  14  0:24  Probe  
  15  0:38  Probe  
  15  0:41  Gateway  
  16  0:51  Probe  
  17  0:57  Gateway  
  17  1:03  Probe  
  18  1:10  Assimilator  
  18  1:15  Probe  
  19  1:31  Cybernetics Core  
  19  1:35  Probe  
  20  1:42  Pylon  
  20  1:47  Probe  
  21  1:59  Probe  
  22  2:05  Nexus  
  22  2:12  Probe  
  22  2:15  Adept  
  25  2:20  Warp Gate (Chrono Boost), Adept  
  27  2:27  Probe  
  28  2:39  Probe  
  29  2:45  Adept  
  31  3:00  Pylon  
  31  3:03  Assimilator  
  31  3:16  Probe x2, Adept  
  31  3:19  Adept  
  37  3:22  Pylon  
  37  3:28  Probe x2  
  39  3:46  Adept  
  41  3:49  Twilight Council, Adept  
  41  3:51  Pylon  
  41  3:54  Probe x2  
  45  3:56  Gateway  
  45  4:08  Probe x2  
  47  4:12  Gateway  
  47  4:13  Gateway  
  47  4:16  Adept  
  49  4:18  Pylon  
  49  4:20  Probe  
  50  4:29  Adept  
  52  4:52  Gateway  
  52  4:53  Resonating Glaives (Chrono Boost)  
  52  4:54  Forge  
  52  5:04  Adept x3  
  58  5:21  Stalker  
  60  5:37  Adept x4  
  68  5:49  Assimilator  
  68  5:51  Assimilator  
  68  5:53  Pylon  
  68  5:57  Pylon  
  68  5:58  Adept x5  
  78  6:13  Probe x2  
  80  6:21  Adept x3  
  80  6:22  Adept x3  
  93  6:25  Probe x2  
  94  6:37  Probe  
  93  6:46  Pylon  
  93  6:52  Pylon  
  93  7:01  Pylon  
  87  7:04  Pylon  
  87  7:07  Pylon  
  75  7:10  Probe x2  
  59  7:35  Zealot x2  
  59  7:36  Zealot x4  
  61  7:55  Nexus  
  61  7:56  Pylon  
  61  7:58  Robotics Facility, Pylon  
  61  8:00  Zealot  
  61  8:01  Zealot x5, Assimilator  
  63  8:06  Assimilator  
Show
View Real Time Build Order
Export as new Build Order

demzi Zerg - Winner!

Build Orders: Hatch First 

Get SALT Encoding   

  12  0:00  Drone  
  13  0:12  Overlord  
  13  0:16  Drone  
  14  0:31  Drone x2  
  16  0:49  Hatchery  
  15  0:53  Drone  
  15  0:56  Drone  
  17  1:00  Drone  
  18  1:06  Drone  
  19  1:15  Extractor  
  18  1:19  Spawning Pool  
  18  1:22  Drone  
  18  1:28  Drone  
  19  1:39  Drone  
  20  1:49  Overlord  
  20  2:04  Drone x2  
  20  2:06  Queen x2  
  26  2:13  Zergling x4  
  28  2:17  Metabolic Boost  
  28  2:22  Drone  
  29  2:27  Drone  
  30  2:32  Drone  
  30  2:34  Drone  
  32  2:44  Overlord  
  32  2:48  Queen  
  33  3:01  Hatchery  
  32  3:06  Zergling x4  
  32  3:07  Zergling x2  
  34  3:20  Drone x6  
  34  3:24  Overlord  
  38  3:37  Zergling x4  
  38  3:38  Zergling x2  
  41  3:42  Drone x2  
  41  3:44  Queen  
  45  3:50  Drone x3  
  45  3:54  Lair  
  48  3:57  Overlord  
  48  4:01  Overlord  
  48  4:06  Overlord  
  48  4:10  Extractor x2, Drone x2  
  48  4:12  Drone  
  48  4:13  Drone  
  50  4:20  Drone x3  
  50  4:23  Drone x3  
  56  4:39  Drone x3, Roach Warren  
  56  4:41  Evolution Chamber  
  56  4:42  Evolution Chamber  
  56  4:46  Drone x4  
  56  4:47  Extractor  
  56  4:50  Drone x2  
  61  4:54  Overlord  
  61  4:57  Overlord  
  61  5:01  Drone  
  61  5:02  Drone x2  
  64  5:12  Zerg Missile Weapons Level 1, Zerg Ground Armor Level 1  
  64  5:17  Drone x5  
  69  5:27  Glial Reconstitution  
  69  5:28  Roach x4  
  77  5:30  Roach  
  79  5:36  Extractor  
  79  5:38  Drone x5  
  79  5:39  Drone  
  79  5:40  Extractor, Drone  
  79  5:41  Drone  
  85  5:45  Drone x2  
  85  5:47  Drone  
  88  6:01  Hydralisk Den  
  88  6:02  Overlord x3  
  87  6:05  Hatchery  
  87  6:06  Overlord  
  87  6:10  Ravager x2  
  88  6:26  Roach x6  
  88  6:27  Roach x6  
  88  6:28  Roach  
  114  6:36  Muscular Augments  
  113  6:44  Overlord  
  113  6:45  Overlord x2  
  113  6:48  Roach x2  
  113  6:49  Roach x2  
  113  6:50  Overlord  
  113  6:51  Overlord x2  
  120  7:05  Roach  
  120  7:06  Roach x7  
  120  7:07  Roach  
  127  7:08  Roach  
  121  7:28  Roach x10  
  137  7:43  Drone x2  
  139  7:44  Drone x2  
  139  7:47  Drone x3  
  139  7:49  Overlord  
Tags
 
League
Diamond
Matchup
PvZ
Replay Pack
Multiplayer
Spawn Locations
Cross Positions
Add a new tag
Caveats
  • Supply blocks, unpowered buildings, or Contaminate may cause inaccurate times.
  • Supply counts are checked every 10 seconds.